 Dungeon Crawl Stone Soup version 0.31.0 (webtiles) character file.

Game seed: 5892352501785580918

504 qw the Shooter (level 7, 0/43 HPs)
             Began as a Gargoyle Hunter on Jan 20, 2024.
             Was an Initiate of Okawaru.
             Slain by Edmund
             ... wielding a +3 dire flail of protection
              (13 damage)
             ... on level 4 of the Dungeon.
             The game lasted 00:00:13 (2908 turns).

qw the Shooter (Gargoyle Hunter)                    Turns: 2908, Time: 00:00:13

Health: 0/43       AC: 11    Str: 14    XL:     7   Next: 17%
Magic:  7/7        EV: 10    Int: 10    God:    Okawaru [......]
Gold:   111        SH:  0    Dex: 15    Spells: 6/6 levels left

rFire   . . .        a - +3 shortbow
rCold   . . .        (shield currently unavailable)
rNeg    + . .        d - +0 ring mail
rPois   inf          h - +0 helmet
rElec   +            (no cloak)
rCorr   +            (no gloves)
SInv    .            (no boots)
Will    .....        i - amulet of faith
Stlth   +            k - ring of resist corrosion
HPRegen 0.27/turn    (no ring)
MPRegen 0.10/turn

%: faith
@: no status effects
A: sickness immunity, AC +4, negative energy resistance 1, electricity
resistance, torment resistance 1, petrification resistance
a: Renounce Religion


You were on level 4 of the Dungeon.
You worshipped Okawaru.
Okawaru was noncommittal.
You visited 1 branch of the dungeon, and saw 4 of its levels.

You collected 111 gold pieces.


Innate Abilities, Weirdness & Mutations

You are immune to sickness and miasma.
Your stone body is resilient. (AC +4)
You are immune to poison.
You resist negative energy. (rN+)
You are resistant to electric shocks. (rElec)
You are resistant to unholy torment.
You are immune to petrification.


   Skills:
 - Level 4.0 Fighting
 + Level 7.7 Ranged Weapons
 - Level 1.0 Armour
 - Level 1.5 Dodging
 - Level 1.1 Stealth


You had 6 spell levels left.
You didn't know any spells.
Your spell library was empty.

Inventory:

Hand Weapons
 a - a +3 shortbow (weapon)
Armour
 d - a +0 ring mail (worn)
 h - a +0 helmet (worn)
Jewellery
 i - an amulet of faith (around neck)
 k - a ring of resist corrosion (left hand)
Wands
 j - a wand of polymorph (6)
Potions
 b - a potion of cancellation
 g - a potion of might {unknown}
 l - a potion of curing {unknown}
 n - a potion of attraction {unknown}

Dungeon Overview and Level Annotations

Branches:
Dungeon (4/15)
 Temple: D:4-7

Altars:
Okawaru
Trog

Shops:
D:3 =

Annotations:
D:4 Edmund


Message History

You shoot an arrow.
The arrow hits Edmund but does no damage.
Edmund is heavily wounded.
Edmund completely misses you.
You shoot an arrow. The arrow completely misses Edmund.
Edmund hits you with a +3 dire flail of protection!
You shoot an arrow.
The arrow hits Edmund but does no damage.
Edmund is heavily wounded.
Edmund misses you.
You shoot an arrow.
The arrow hits Edmund but does no damage.
Edmund is heavily wounded.
Edmund hits you with a +3 dire flail of protection.
Edmund hits you but does no damage.
You shoot an arrow. The arrow hits Edmund.
Edmund is heavily wounded.
Edmund hits you with a +3 dire flail of protection!
You shoot an arrow. The arrow hits Edmund!
Edmund is almost dead.
Edmund misses you.
You shoot an arrow. The arrow barely misses Edmund.
Edmund barely misses you.
You shoot an arrow. The arrow barely misses Edmund.
Edmund hits you with a +3 dire flail of protection.
You shoot an arrow. The arrow barely misses Edmund.
Edmund barely misses you.
You shoot an arrow. The arrow closely misses Edmund.
Edmund closely misses you.
You shoot an arrow.
The arrow hits Edmund but does no damage.
Edmund is almost dead.
Edmund barely misses you.
You shoot an arrow.
The arrow hits Edmund but does no damage.
Edmund is almost dead.
Edmund hits you but does no damage.
Edmund hits you with a +3 dire flail of protection!
You die...
Edmund says, "That'll show my brother!"

#.<..# #.#..#
#....#
#######.######
.............#
########.....#
#.....# #####
#..%..##.....#
#.....@@......
#.######.....#
.... .....
###.# .... #.
... .. #


You could see Edmund.

Vanquished Creatures
  Sigmund (D:2)
  A scorpion (D:3)
  An orc priest (D:3)
  An orc wizard (D:3)
  Robin (D:2)
  7 gnolls (D:3)
  7 adders
  3 ribbon worms (D:2)
  3 orcs (D:3)
  5 endoplasms
  8 giant cockroaches
  8 goblins
  10 hobgoblins
  9 kobolds
  A quokka (D:1)
  4 ball pythons
  7 bats
  A frilled lizard (D:1)
  5 rats
  A spectral kobold (D:1)
84 creatures vanquished.

Notes
Turn   | Place    | Note
-------+----------+-------------------------------------------
     0 | D:1      | qw the Gargoyle Hunter began the quest for the Orb.
     0 | D:1      | Reached XP level 1. HP: 12/12 MP: 1/1
     0 | D:1      | 0 ||| qw: Version: 0.3-a-132-g3d54051
     0 | D:1      | 0 ||| qw: Game counter: 493
     0 | D:1      | 0 ||| qw: Melee chars always use a shield: true
     0 | D:1      | 0 ||| qw: God list: Okawaru
     0 | D:1      | 0 ||| qw: Allow faded altars: false
     0 | D:1      | 0 ||| qw: Do Orc after clearing Dungeon:15 true
     0 | D:1      | 0 ||| qw: Do second Lair branch before Depths: true
     0 | D:1      | 0 ||| qw: Lair rune preference: random
     0 | D:1      | 0 ||| qw: Goals: Normal
     0 | D:1      | 0 ||| PLANNING D:1-11
   159 | D:1      | Found a faded altar of an unknown god.
   263 | D:1      | Reached XP level 2. HP: 17/17 MP: 2/2
   552 | D:1      | Reached XP level 3. HP: 21/21 MP: 3/3
   697 | D:1      | Reached skill level 5 in Ranged Weapons
   805 | D:1      | 805 ||| READING scroll labelled XIZEAN JEQOB.
   805 | D:1      | 805 ||| ENCHANTING +0 shortbow.
   806 | D:1      | 806 ||| DROPPING scroll of butterflies.
   833 | D:2      | 833 ||| STAIRDANCE
   894 | D:2      | 894 ||| READING scroll of enchant weapon.
   894 | D:2      | 894 ||| ENCHANTING +1 shortbow.
   961 | D:2      | Reached skill level 3 in Fighting
  1020 | D:2      | Noticed Robin
  1022 | D:2      | Reached XP level 4. HP: 28/28 MP: 4/4
  1030 | D:2      | Killed Robin
  1035 | D:2      | HP: 6/28 [goblin/+0 club[Robin] (3)]
  1037 | D:2      | HP: 1/28 [goblin/+0 club[Robin] (2)]
  1042 | D:2      | 1042 ||| FLEEEEING.
  1232 | D:2      | 1232 ||| READING scroll of enchant weapon.
  1232 | D:2      | 1232 ||| ENCHANTING +2 shortbow.
  1567 | D:2      | Noticed Sigmund
  1578 | D:2      | Killed Sigmund
  1579 | D:2      | Reached skill level 6 in Ranged Weapons
  1579 | D:2      | Reached XP level 5. HP: 12/32 MP: 5/5
  1579 | D:2      | Reached XP level 6. HP: 14/37 MP: 6/6
  1579 | D:2      | 1579 ||| FLEEEEING.
  1976 | D:2      | 1976 ||| UPGRADING to +0 ring mail.
  1986 | D:2      | 1986 ||| DROPPING +0 leather armour.
  1987 | D:2      | 1987 ||| UPGRADING to +0 helmet.
  1992 | D:2      | 1992 ||| DRINKING 2 fuming brown potions.
  2089 | D:3      | Reached skill level 1 in Armour
  2101 | D:3      | 2101 ||| FLEEEEING.
  2219 | D:3      | Found an iron altar of Okawaru.
  2220 | D:3      | 2220 ||| PLANNING OKAWARU WORSHIP
  2221 | D:3      | 2221 ||| DRINKING 3 metallic silvery potions.
  2222 | D:3      | 2222 ||| DROPPING 2 potions of invisibility.
  2224 | D:3      | Found a bloodstained altar of Trog.
  2230 | D:3      | Became a worshipper of Warmaster Okawaru
  2231 | D:3      | 2231 ||| PLANNING D:1-11
  2293 | D:3      | 2293 ||| FLEEEEING.
  2335 | D:3      | Found Zadoheiz's Jewellery Shoppe.
  2345 | D:3      | 2345 ||| SHOPLISTING +5 ring of evasion (468 gold, have
                  | 84).
  2345 | D:3      | 2345 ||| SHOPLISTING +6 ring of dexterity (468 gold, have
                  | 84).
  2345 | D:3      | 2345 ||| SHOPLISTING amulet of reflection (390 gold, have
                  | 84).
  2345 | D:3      | 2345 ||| SHOPLISTING ring of fire (325 gold, have 84).
  2345 | D:3      | 2345 ||| SHOPLISTING ring of ice (325 gold, have 84).
  2345 | D:3      | 2345 ||| SHOPLISTING ring of protection from fire (325
                  | gold, have 84).
  2402 | D:3      | Reached skill level 7 in Ranged Weapons
  2567 | D:3      | Reached XP level 7. HP: 43/43 MP: 7/7
  2575 | D:3      | 2575 ||| FLEEEEING.
  2609 | D:3      | 2609 ||| UPGRADING to amulet of faith.
  2841 | D:3      | 2841 ||| DROPPING ring of wizardry.
  2842 | D:3      | 2842 ||| UPGRADING to ring of resist corrosion.
  2843 | D:3      | 2843 ||| READING scroll labelled EGI TUYTEUXTIMI.
  2843 | D:3      | 2843 ||| IDENTIFYING fuming ruby potion
  2844 | D:3      | 2844 ||| READING scroll labelled LAUGAED UMAWNE.
  2845 | D:3      | 2845 ||| FLEEEEING.
  2879 | D:4      | Noticed Edmund
  2893 | D:4      | HP: 8/43 [Edmund/+3 dire flail of protection (3)]
  2894 | D:4      | 2894 ||| DRINKING potion of heal wounds.
  2908 | D:4      | Slain by Edmund

Levels and vault maps discovered:
D:1:      noname_arrival_rooms_in_the_neighbourhood, layout_basic,
          dreamdust_ecumenical_altar_drowned_temple, minmay_worlds_worst_comb
D:2:      layout_basic, grunt_decor_junction, uniq_robin, uniq_sigmund
D:3:      wander_river, layout_loops_ring, grunt_temple_overflow_open,
          serial_shops, shop
D:4:      minmay_chambers_of_fours, layout_basic, general_overflow_altar,
          kennysheep_doodads, hex_large, uniq_edmund

Skill      XL: |  1  2  3  4  5  6 |
---------------+-------------------+-----
Ranged Weapons | 5 6 7 |  7.7
Fighting       | 3 4 |  4.0
Armour         | 1 |  1.0
Dodging        | |  1.5
Stealth        | |  1.1

Action                     |  1- 3 |  4- 6 |  7- 9 || total
---------------------------+-------+-------+-------++-------
   Fire: Shortbow          |    81 |   148 |    59 ||   288
    Use: Scroll            |     2 |     1 |     2 ||     5
         Potion            |       |     2 |     1 ||     3
 Armour: Leather armour    |    12 |    32 |       ||    44
         Ring mail         |       |    52 |    29 ||    81
  Dodge: Dodged            |    17 |    48 |    12 ||    77

Table legend:
 A = Non-vault XP
 B = Vault XP
 C = Vault XP percentage of total XP
 D = Non-vault monster count
 E = Vault monster count
 F = Vault count percentage of total count
                 A         B        C        D         E       F
            +---------+---------+-------+---------+---------+-------
      Total |     442 |     279 |  38.7 |      65 |      19 |  22.6
            +---------+---------+-------+---------+---------+-------
        D:1 |      28 |      11 |  28.2 |      17 |       6 |  26.1
        D:2 |      71 |     268 |  79.1 |      16 |      13 |  44.8
        D:3 |     340 |       0 |   0.0 |      30 |       0 |   0.0
        D:4 |       3 |       0 |   0.0 |       2 |       0 |   0.0
            +---------+---------+-------+---------+---------+-------
